AoeStats
← capt. Bear

African Clearing

505442776Analyzed
4v4 RM · 24d ago on Sep 9, 2026· 38m 5s· 8 players
Game mode
Random Map
Map size
Large (8 player)
Population
200
Speed
Normal
Resources
Standard
Victory
Conquest
Starting age
Dark Age
Ending age
Imperial Age
RankedLock teamsTeams togetherTeam positionsShared explorationLock speedFull tech treeHidden civsTurbo modeCheats
Victory
Defeat
🇦🇷 Vietnamese · Argentina
1607
+13
🇹🇼 Khmer · Taiwan
1562
+15
🇳🇱 Mapuche · Netherlands
1518
+16
🇹🇷 Huns · Türkiye
1489
+17
🇨🇳 Mongols · China
1557
-16
🇨🇳 Khitans · China
1546
-16
🇨🇳 Tatars · China
1523
-15
🇯🇵 Tupi · Japan
1490
-14
hoot
14:42 Feudal Age
14:23 Loom
16:20 Double-Bit Axe
18:41 Castle Age
16:53 Horse Collar
17:34 Fletching
18:10 Gold Mining
19:53 Bow Saw
20:20 Bodkin Arrow
21:07 Ballistics
24:48 Bloodlines
28:49 Treadmill Crane
34:29 Wheelbarrow
35:26 Hand Cart
36:46 Heavy Plow
墨離
10:15 Loom
12:46 Feudal Age
17:42 Castle Age
16:16 Double-Bit Axe
17:18 Town Watch
18:06 Fletching
18:41 Bodkin Arrow
20:39 Horse Collar
27:15 Bow Saw
30:19 Ballistics
32:45 Wheelbarrow
32:35 Padded Archer Armor
32:50 Gold Mining
35:07 Hand Cart
40:02 Imperial Age
RoseBoar
9:57 Loom
13:28 Feudal Age
14:21 Double-Bit Axe
17:50 Domestication
21:39 Wheelbarrow
21:07 Gold Mining
21:35 Fletching
23:29 Town Watch
星际小菜
12:16 Feudal Age
13:09 Loom
15:49 Castle Age
14:02 Double-Bit Axe
17:47 Town Watch
26:36 Horse Collar
27:18 Horse Collar
32:06 Wheelbarrow
36:45 Imperial Age
34:31 Stone Mining
35:32 Bow Saw
35:25 Fletching
pac.Padawan NL
10:16 Loom
12:34 Feudal Age
16:23 Fletching
19:31 Castle Age
18:00 Double-Bit Axe
20:45 Bodkin Arrow
25:19 Ballistics
27:40 Padded Archer Armor
28:57 Leather Archer Armor
32:54 Horse Collar
34:21 Bow Saw
35:41 Malon
capt. Bear
10:55 Feudal Age
10:15 Loom
12:44 Town Watch
17:42 Scale Barding Armor
21:02 Forging
22:27 Bloodlines
31:46 Castle Age
30:22 Wheelbarrow
30:57 Horse Collar
32:03 Light Cavalry
32:43 Husbandry
33:40 Chain Barding Armor
G5
7:10 Loom
14:43 Feudal Age
15:59 Double-Bit Axe
18:39 Castle Age
18:04 Town Watch
19:50 Bow Saw
19:28 Fishing Lines
20:16 Horse Collar
20:51 Fletching
23:15 Bodkin Arrow
23:55 Padded Archer Armor
30:40 Wheelbarrow
31:22 Gold Mining
32:52 Ballistics
33:50 Leather Archer Armor
38:45 Imperial Age
VirSpiritualis
12:56 Feudal Age
11:25 Loom
13:58 Double-Bit Axe
16:53 Castle Age
15:47 Fletching
16:04 Gold Mining
17:46 Bow Saw
17:36 Bodkin Arrow
19:18 Town Watch
20:35 Padded Archer Armor
20:41 Horse Collar
24:52 Wheelbarrow
26:27 Ballistics
27:44 Hand Cart
29:06 Elite Skirmisher
31:18 Bloodlines
37:28 Imperial Age
35:35 Gold Shaft Mining
35:40 Leather Archer Armor
35:27 Husbandry
36:38 Scale Barding Armor
36:45 Forging
36:28 Stone Mining
37:46 Chain Barding Armor
38:03 Iron Casting
38:03 Heavy Plow
37:32 Cavalier
Connection lost

Rejoining the realm…

Still unreachable

The connection could not be restored.

Session expired

The server has moved on; the page needs a fresh start.